 Dungeon Crawl Stone Soup version 0.26-a0-651-gb41185065b (webtiles) character file.

Game seed: 16831999937766438921

541 Lanoc the Cutter (level 7, -4/44 HPs)
             Began as a Kobold Berserker on Oct 30, 2020.
             Was a Believer of Trog.
             Slain by a gnoll sergeant
             ... wielding a cursed +0 trident
              (15 damage)
             ... on level 5 of the Dungeon.
             The game lasted 00:03:23 (4166 turns).

Lanoc the Cutter (Kobold Berserker)                 Turns: 4166, Time: 00:03:23

Health: -4/44      AC:  2    Str: 14    XL:     7   Next: 51%
Magic:  7/7        EV: 17    Int:  8    God:    Trog [**....]
Gold:   177        SH:  0    Dex: 17    Spells: 6/6 levels left

rFire    . . .     SeeInvis .   a - +0 short sword
rCold    . . .     Faith    .   (shield restricted)
rNeg     + . .     Spirit   .   b - +0 animal skin
rPois    .         Reflect  .   (no helmet)
rElec    .         Harm     .   (no cloak)
rCorr    .         Rampage  .   (no gloves)
MR       .....                  (no boots)
Stlth    ++........             (no amulet)
HPRegen  0.14/turn              m - ring of positive energy
MPRegen  0.10/turn              (no ring)

@: berserk cooldown, slowed, very slow
A: small, nightstalker 3
a: Berserk, Trog's Hand, Renounce Religion


You were on level 5 of the Dungeon.
You worshipped Trog.
Trog was pleased with you.
You visited 1 branch of the dungeon, and saw 5 of its levels.

You collected 177 gold pieces.

Inventory:

Hand Weapons
 a - a +0 short sword (weapon)
Armour
 b - a +0 animal skin (worn)
Jewellery
 m - a ring of positive energy (left hand)
Wands
 j - a wand of random effects (7)
 n - a wand of disintegration (8)
Scrolls
 c - 2 scrolls of teleportation {unknown}
 d - 4 scrolls of identify {unknown}
 e - 4 scrolls of remove curse {unknown}
 g - 3 scrolls of magic mapping {unknown}
 h - a scroll of fog {unknown}
 i - 2 scrolls of enchant armour {unknown}
 l - a scroll of enchant weapon {unknown}
 p - a scroll of amnesia {unknown}
Potions
 f - a potion of lignification {unknown}
 k - a potion of curing {unknown}
 o - a potion of stabbing {unknown}


   Skills:
 + Level 4.9 Fighting
 * Level 7.3 Short Blades
 + Level 3.1 Armour
 + Level 4.7 Dodging


You had 6 spell levels left.
You didn't know any spells.
Your spell library was empty.

Dungeon Overview and Level Annotations

Branches:
Dungeon (5/15)
 Temple: D:4-7

Altars:
Gozag
Okawaru
Qazlal


Innate Abilities, Weirdness & Mutations

You are small and have problems with some larger weapons.
You are completely attuned to the shadows.


Message History

You struggle against the net.
You feel a strong urge to attack something.
A gnoll comes into view. It is wielding a +0 spear.
The gnoll hits you from afar with a +0 spear.
You struggle against the net.
The gnoll sergeant hits you with a cursed +0 trident!
The gnoll closely misses you.
You struggle against the net.
You feel your anger nearly subside.
The gnoll hits you from afar with a +0 spear.
The gnoll sergeant barely misses you.
You rip the net and break free!
You are no longer berserk.
You are exhausted.
You feel yourself slow down. The gnoll hits you with a +0 whip.
* * * LOW HITPOINT WARNING * * *
The gnoll barely misses you.
You barely miss the gnoll sergeant.
The gnoll sergeant hits you with a cursed +0 trident!
You die...

### ### #.#########.#
#...........#
#.#########.# #.# #.#
####@# #.#
..ggg#########.#
..g.g........#.######
...........#.#.......
###########+#.########
#.................
#####...##############
+.......# ###.####


You could see a gnoll sergeant and 4 gnolls.

Vanquished Creatures
  Sigmund (D:3)
  A centaur (D:3)
  An orc priest (D:5)
  A bullfrog skeleton (D:4)
  A gnoll shaman (D:4)
  3 worker ants (D:4)
  An adder (D:2)
  5 gnolls (D:4)
  A shadow imp (D:3)
  An ooze (D:3)
  A worm (D:2)
  2 leopard geckos (D:3)
  9 orcs
  7 bats
  4 giant cockroaches
  3 goblins
  7 hobgoblins
  4 jackals (D:4)
  7 kobolds
  3 quokkas
  6 frilled lizards
  A quokka skeleton (D:4)
  8 rats
78 creatures vanquished.

Notes
Turn   | Place    | Note
-------+----------+-------------------------------------------
     0 | D:1      | Lanoc the Kobold Berserker began the quest for the Orb.
     0 | D:1      | Reached XP level 1. HP: 14/14 MP: 1/1
   194 | D:1      | Reached XP level 2. HP: 19/19 MP: 2/2
   328 | D:1      | Found an iron altar of Okawaru.
   440 | D:1      | Reached XP level 3. HP: 18/23 MP: 3/3
   790 | D:3      | Noticed Sigmund
   978 | D:3      | Killed Sigmund
   978 | D:3      | Reached skill level 6 in Short Blades
   978 | D:3      | Reached XP level 4. HP: 3/29 MP: 4/4
   978 | D:3      | Reached XP level 5. HP: 4/33 MP: 5/5
   978 | D:3      | Reached XP level 6. HP: 4/38 MP: 6/6
  1339 | D:3      | Reached ** piety under Trog
  1655 | D:3      | Found a faded altar of an unknown god.
  2203 | D:3      | Found a stormy altar of Qazlal.
  2748 | D:4      | Found an opulent altar of Gozag.
  2769 | D:4      | Reached XP level 7. HP: 30/44 MP: 7/7
  3044 | D:4      | Reached skill level 7 in Short Blades
  3934 | D:5      | Entered Level 5 of the Dungeon
  4166 | D:5      | Slain by a gnoll sergeant

Illustrated notes

Levels and vault maps discovered:
D:1:      dpeg_cavernosity, layout_loops_ring, okawaru_ov_weapons_minmay
D:2:      layout_loops_ring
D:3:      layout_loops_ring, marbit_many_paths,
          chequers_ecumenical_altar_twisty, uniq_sigmund
D:4:      layout_basic, nicolae_gozag_cash_rules_everything_around_me,
          serial_bayou_pond_c
D:5:      layout_basic, serial_shops, shop, tso_metal_star,
          uniq_crazy_yiuf_cottage

Skill      XL: |  1  2  3  4  5  6  7 |
---------------+----------------------+-----
Armour         | 2 3 |  3.1
Dodging        | 3 4 |  4.7
Fighting       | 4 |  4.9
Short Blades   | 6 7 |  7.3

Action                   |  1- 3 |  4- 6 |  7- 9 || total
-------------------------+-------+-------+-------++-------
Melee: Short sword       |    85 |   110 |    81 ||   276
Invok: Berserk           |     3 |     3 |     2 ||     8
 Stab: Sleeping          |     8 |    15 |     2 ||    25
Armor: Animal skin       |     8 |    11 |     4 ||    23
Dodge: Dodged            |    50 |    90 |    52 ||   192

Table legend: (Time is in decaauts)
 A = Elapsed time spent in this place.
 B = Non-inter-level travel time spent in this place.
 C = Inter-level travel time spent in this place.
 D = Time resting spent in this place.
 E = Time spent auto-exploring this place.
 F = Levels seen in this place.
 G = Mean time per level.
                   A        B        C        D        E       F      G
               +--------+--------+--------+--------+--------+-----+--------+
         Total |   4171 |   4103 |     68 |    496 |   3094 |   5 |  834.2 |
       Dungeon |   4171 |   4103 |     68 |    496 |   3094 |   5 |  834.2 |
               +--------+--------+--------+--------+--------+-----+--------+

Top non-repeatable levels by time:
     D:3: 1604 daAuts
     D:4: 1322 daAuts
     D:1: 546 daAuts
     D:2: 465 daAuts
     D:5: 233 daAuts
